 Dungeon Crawl Stone Soup version 0.20.1-1-g8b1a95d (webtiles) character file.

221 vishdafish the Shooter (level 5, -4/45 HPs)
             Began as a Centaur Hunter on July 7, 2017.
             Was an Initiate of Okawaru.
             Slain by vishdafish's ghost (9 damage)
             ... on level 3 of the Dungeon.
             The game lasted 00:06:03 (2554 turns).

vishdafish the Shooter (Centaur Hunter)             Turns: 2554, Time: 00:06:04

Health: -4/45      AC: 10    Str: 15    XL:     5   Next: 65%
Magic:  5/5        EV:  9    Int: 10    God:    Okawaru [......]
Gold:   112        SH:  0    Dex: 10    Spells: 4/4 levels left

rFire    + . .     SeeInvis .   d - +0 spear
rCold    + . .     Gourm    .   (no shield)
rNeg     . . .     Faith    .   c - +0 leather armour
rPois    +         Spirit   .   z - +0 helmet
rElec    +         Reflect  .   (no cloak)
rCorr    +         Harm     .   (no gloves)
MR       .....                  (no barding)
Stlth    ..........             b - amulet of regeneration
Regen    0.6/turn               q - ring of loudness
MPRegen  0.1/turn               w - +5 ring of protection

@: resistant, very quick
A: hooves 3, deformed body, speed 2, tough skin 3
a: Renounce Religion


You were on level 3 of the Dungeon.
You worshipped Okawaru.
Okawaru was noncommittal.
You were very hungry.

You visited 1 branch of the dungeon, and saw 3 of its levels.

You collected 112 gold pieces.

Inventory:

Hand Weapons
 a - a +1 shortbow
 d - a +0 spear (weapon)
Missiles
 y - 2 arrows
Armour
 c - a +0 leather armour (worn)
 z - a +0 helmet (worn)
 A - a +0 robe of magic resistance
Jewellery
 b - an amulet of regeneration (around neck)
 q - a ring of loudness (left hand)
 w - a +5 ring of protection (right hand)
Scrolls
 h - a scroll of immolation {unknown}
 i - 2 scrolls of teleportation
 j - a scroll of blinking {unknown}
 k - 3 scrolls of identify {unknown}
 p - a scroll of magic mapping {unknown}
 r - a scroll of enchant weapon {unknown}
 s - a scroll of enchant armour {unknown}
Potions
 e - 2 potions of flight
 l - a potion of brilliance {unknown}
 n - a potion of agility {unknown}
 o - a potion of mutation {unknown}
 t - a potion of degeneration {unknown}
 u - a potion of might {unknown}
 v - a potion of resistance
 x - a potion of curing {unknown}
Comestibles
 f - 4 bread rations
 g - 3 meat rations
 m - 6 fruits


   Skills:
 + Level 3.3 Fighting
 * Level 7.7 Bows
 + Level 1.5 Armour
 - Level 1.3 Dodging
 - Level 0.4 Stealth


You had 4 spell levels left.
You didn't know any spells.

Dungeon Overview and Level Annotations

Branches:
Dungeon (3/15)

Altars:
Okawaru
Ru
Yredelemnul
The Shining One

Annotations:
D:3 vishdafish's ghost, amateur TrMo


Innate Abilities, Weirdness & Mutations

You have hooves in place of feet.
Armour fits poorly on your strangely shaped body.
You cover ground very quickly.
You have extremely tough skin. (AC +3)


Message History

Vishdafish's ghost is almost destroyed.
The phantom hits you but does no damage.
Vishdafish's ghost hits you but does no damage.
The phantom completely misses you.
You hit vishdafish's ghost but do no damage.
Vishdafish's ghost is almost destroyed.
Vishdafish's ghost hits you! The phantom closely misses you.
You hit vishdafish's ghost but do no damage.
You kick vishdafish's ghost.
Vishdafish's ghost is almost destroyed.
Vishdafish's ghost hits you!
* * * LOW HITPOINT WARNING * * *
The phantom closely misses you. Vishdafish's ghost hits you.
* * * LOW HITPOINT WARNING * * *
It was a potion of resistance.
You feel protected. The phantom hits you.
* * * LOW HITPOINT WARNING * * *
The phantom blinks!
Vishdafish's ghost hits you!
You die...

#.# #.#..†...... #.#
#.#########. #..
...# ### #..# #..#
#..# ####
########..# ...
.(.(......########.#
#########...W(.W@§.#
############


You could see a phantom and vishdafish's ghost.

Vanquished Creatures
  An ice beast (D:3)
  3 adders
  4 gnolls (D:3)
  An ooze (D:1)
  2 worms (D:2)
  A dart slug (D:1)
  An orc (D:3)
  2 ball pythons
  A giant cockroach (D:2)
  3 hobgoblins
  6 bats
  8 frilled lizards
  12 goblins
  5 kobolds
  10 rats
60 creatures vanquished.

Notes
Turn   | Place    | Note
-------+----------+-------------------------------------------
     0 | D:1      | vishdafish the Centaur Hunter began the quest for the Orb.
     0 | D:1      | Reached XP level 1. HP: 17/17 MP: 1/1
   256 | D:1      | Reached XP level 2. HP: 24/24 MP: 2/2
   367 | D:1      | Reached skill level 6 in Bows
   963 | D:1      | Reached XP level 3. HP: 30/30 MP: 3/3
  1261 | D:3      | Noticed vishdafish's ghost (amateur TrMo)
  1601 | D:2      | Found a glowing golden altar of the Shining One.
  1660 | D:2      | Found a basalt altar of Yredelemnul.
  1963 | D:2      | Found an iron altar of Okawaru.
  1967 | D:2      | Reached XP level 4. HP: 37/37 MP: 4/4
  1978 | D:2      | Became a worshipper of Warmaster Okawaru
  1991 | D:2      | Found a sacrificial altar of Ru.
  2225 | D:3      | Noticed an ice beast
  2242 | D:3      | Killed an ice beast
  2242 | D:3      | Reached skill level 7 in Bows
  2242 | D:3      | Reached skill level 1 in Armour
  2242 | D:3      | Reached XP level 5. HP: 32/45 MP: 5/5
  2535 | D:3      | Noticed a phantom
  2554 | D:3      | Slain by vishdafish's ghost

Skill      XL: |  1  2  3  4 |
---------------+-------------+-----
Bows           | 6 7 |  7.7
Fighting       | 3 |  3.3
Armour         | 1 |  1.5
Dodging        | |  1.3
Stealth        | |  0.4

Action                   |  1- 3 |  4- 6 || total
-------------------------+-------+-------++-------
Melee: Short sword       |       |    36 ||    36
       Kick              |       |    15 ||    15
       Spear             |       |    30 ||    30
 Fire: Shortbow          |   112 |    39 ||   151
  Use: Scroll            |     2 |     1 ||     3
       Potion            |       |     5 ||     5
  Eat: Chunk             |     1 |     1 ||     2
Armor: Leather armour    |    10 |    51 ||    61
Dodge: Dodged            |     8 |    44 ||    52
